 Dungeon Crawl Stone Soup version 0.17.1-1-g73c8601 (webtiles) character file.

44 Gargoyl the Skirmisher (level 3, 0/29 HPs)
             Began as a Demonspawn Abyssal Knight on Dec 26, 2015.
             Was a Follower of Lugonu.
             Slain by Crazy Yiuf
             ... wielding a +3 quarterstaff of chaos
              (12 damage)
             ... on level 2 of the Dungeon.
             The game lasted 00:02:00 (1437 turns).

Gargoyl the Skirmisher (Demonspawn Abyssal Knight)  Turns: 1437, Time: 00:02:00

Health: 0/29       AC:  5    Str: 13    XL:     3   Next: 39%
Magic:  6/14       EV: 11    Int: 13    God:    Lugonu [*.....]
Gold:   51         SH:  2    Dex: 12    Spells: 0 memorised, 2 levels left

rFire  . . .     SeeInvis .     a - +1 hand axe
rCold  . . .     Clarity  .     b - +0 leather armour
rNeg   . . .     SustAt   .     (no shield)
rPois  .         Gourm    .     (no helmet)
rElec  .         Spirit   .     (no cloak)
rCorr  .         Warding  .     (no gloves)
rMut   .         Stasis   .     (no boots)
MR     .....                    (no amulet)
Stlth  +.........               (no ring)
                                h - ring of magical power

@: not resistant to hostile enchantments, very unstealthy
A: large bone plates 1, spiny 1
a: Depart the Abyss, Renounce Religion


You were on level 2 of the Dungeon.
You worshipped Lugonu.
Lugonu was aware of your devotion.
You were not hungry.

You visited 1 branch of the dungeon, and saw 2 of its levels.
You visited the Abyss 1 time.

You collected 51 gold pieces.

Inventory:

Hand Weapons
 a - a +1 hand axe (weapon)
 e - a +0 flail
Armour
 b - a +0 leather armour (worn)
Jewellery
 h - a ring of magical power (left hand)
Scrolls
 f - a scroll of magic mapping {unknown}
 g - a scroll of teleportation {unknown}
Potions
 c - a potion of curing {unknown}
Comestibles
 d - 2 beef jerkies


   Skills:
 + Level 3.5 Fighting
 + Level 2.1 Axes
 + Level 2.0 Armour
 + Level 1.2 Dodging
 + Level 0.6 Stealth
 + Level 2.8 Invocations


You had 2 spell levels left.
You didn't know any spells.

Dungeon Overview and Level Annotations

Branches:
Dungeon (2/15)

Altars:

Annotations:
D:2 Crazy Yiuf


Innate Abilities, Weirdness & Mutations

You are partially covered in large bone plates (AC +2, SH +2).
You are partially covered in sharp spines.


Message History

You feel your magic capacity increase.
h - a ring of magical power (left hand)
Found four maces.
Crazy Yiuf the Enlightened comes into view.
He is wielding a quarterstaff of chaos.
Crazy Yiuf shouts!
Crazy Yiuf drinks a potion.
Crazy Yiuf flickers and vanishes!
Deactivating autopickup; reactivate with Ctrl-A.
Found a mace.
Drink which item? (? for menu, Esc to quit)
Okay, then.
Read which item? (? for menu, Esc to quit)
Okay, then.
Drink which item? (? for menu, Esc to quit)
Okay, then.
Found a runed mace and two maces.
You see here a mace.
Something hits you!
You see here a mace.
You barely miss something. Something hits you!
You convulse!
You die...

..... #....#
#.####.####
.#..##
♣....♣
#...<.....#
♣...♣♣
#.####.##.##
♣♣.♣♣
#.....<##...
♣.♣♣
############
♣♣.♣ ♣.♣♣
♣♣)♣ #@#
#)).# #)).#
#).)# #####


There were no monsters in sight!

Vanquished Creatures
  An adder (D:2)
  A worm (D:2)
  A giant cockroach (D:1)
  5 goblins
  4 hobgoblins
  5 jackals (D:1)
  A kobold (D:1)
  A ball python (D:1)
  5 bats
  4 giant newts (D:1)
  5 rats
33 creatures vanquished.

Notes
Turn   | Place    | Note
--------------------------------------------------------------
     0 | Abyss:1  | Gargoyl the Demonspawn Abyssal Knight began the quest for the Orb.
     0 | Abyss:1  | Reached XP level 1. HP: 18/18 MP: 2/2
    37 | Abyss:1  | Noticed a large abomination
    40 | Abyss:1  | Noticed an ancient zyme
    42 | D:1      | Escaped the Abyss
   399 | D:1      | Reached skill level 1 in Dodging
   405 | D:1      | Reached * piety under Lugonu
   468 | D:1      | Gained mutation: You are partially covered in large bone plates (AC +2, SH +2). [demonic ancestry]
   468 | D:1      | Reached XP level 2. HP: 24/24 MP: 3/3
  1230 | D:2      | Gained mutation: You are partially covered in sharp spines. [demonic ancestry]
  1230 | D:2      | Reached XP level 3. HP: 21/29 MP: 5/5
  1433 | D:2      | Noticed Crazy Yiuf
  1437 | D:2      | Slain by Crazy Yiuf

Action                   || total
-------------------------++-------
Melee: Hand axe          ||    93
Invok: Depart the Abyss  ||     1
  Use: Potion            ||     1
 Stab: Sleeping          ||     2
  Eat: Bread ration      ||     1
